cohdb
Replays
Latest Replays
All Replays
Popular Replays
Top Player Replays
Match Explorer
How It Works
Community
CoH3 Stats
Reddit
Sign in to upload your games and track your stats! →
Sign in with Steam
Match 42924434
Unlisted
Match 42924434
Overview
Messages
Build Orders
End
Scout Squad
Construct Barracks
Riflemen Squad
Selects Advanced Infantry Battlegroup
Riflemen Squad
Riflemen Squad
Infantry Support Center
Selects Convert to Ranger Squad
Construct Medical Station
Construct Motor Pool
Convert to Ranger Squad
M1 Anti-tank Gun Team
Selects Ammunition Storage
Advanced Logistics
Selects M2A1 105mm Howitzer Emplacement
Engineer Squad
Grenade Package
Selects Free Fire Drills
M1918 Browning Automatic Rifles
Construct Weapon Support Center
M1 Anti-tank Gun Team
Selects Designate Assault Position
Selects Infantry Assault
Captain Retinue
Riflemen Squad
M1 Anti-tank Gun Team
Riflemen Squad
The Sloth
Monsieur Nathan
0
0
Comments
sign in to comment!
No comments posted yet!